 Dungeon Crawl Stone Soup version 0.25.0-11-g1f837a7 (webtiles) character file.

Game seed: 15226756184522633236

44 ChargeQM the Magician (level 3, 0/36 HPs)
             Began as a Demonspawn Wizard on June 27, 2020.
             Slain by an adder (1 damage)
             ... on level 2 of the Dungeon.
             The game lasted 00:06:48 (1630 turns).

ChargeQM the Magician (Demonspawn Wizard)           Turns: 1630, Time: 00:06:49

Health: 0/36       AC: 21    Str:  8    XL:     3   Next: 39%
Magic:  8/8        EV:  2    Int: 19    God:
Gold:   57         SH:  0    Dex: 11    Spells: 4/9 levels left

rFire    . . .     SeeInvis .   e - +0 short sword
rCold    . . .     Gourm    .   (no shield)
rNeg     + + +     Faith    .   (armour currently unavailable)
rPois    +         Spirit   .   (helmet currently unavailable)
rElec    .         Reflect  .   (cloak currently unavailable)
rCorr    .         Harm     .   (gloves currently unavailable)
MR       .....     NoTele   +   (boots currently unavailable)
Stlth    ++........             (no amulet)
HPRegen  0.12/turn              (no ring)
MPRegen  0.11/turn              (no ring)

@: lethally poisoned (0 -> -5), tree-form
A: no striking features
a: no special abilities


You were on level 2 of the Dungeon.
You were not hungry.
You were a tree.
You visited 1 branch of the dungeon, and saw 2 of its levels.

You collected 57 gold pieces.

Inventory:

Hand Weapons
 e - a +0 short sword (weapon)
 i - a cursed -3 hunting sling
Armour
 a - a +0 robe (melded)
 b - a +0 hat (melded)
 h - a +2 pair of gloves of archery (melded)
Scrolls
 c - 2 scrolls of identify {unknown}
 g - a scroll of fear {unknown}
 j - a scroll of immolation {unknown}
 l - a scroll of blinking {unknown}
Comestibles
 d - a ration
 f - 9 chunks of flesh


   Skills:
 + Level 2.2 Dodging
 - Level 2.0 Stealth
 + Level 3.7 Spellcasting
 + Level 1.6 Conjurations
 - Level 1.0 Summonings
 - Level 0.8 Translocations


You had 4 spell levels left.
You knew the following spells:

 Your Spells              Type           Power        Failure   Level  Hunger
a - Magic Dart            Conj           #...         8%          1    None
b - Call Imp              Summ           #.......     14%         2    ##.....
c - Blink                 Tloc           N/A          16%         2    ##.....

Your spell library contained the following spells:

 Spells                   Type           Power        Failure   Level  Hunger
 Slow                     Hex            #.......     22%         2    ##.....
 Conjure Flame            Conj/Fire      #.......     30%         3    ###....
 Mephitic Cloud           Conj/Pois/Air  #.......     34%         3    ###....


Dungeon Overview and Level Annotations

Branches:
Dungeon (2/15)

Altars:


Innate Abilities, Weirdness & Mutations

((Your movements are slightly less encumbered by armour. (ER -2)))


Message History

* * * LOW HITPOINT WARNING * * *
You feel sick.
The adder bites you but does no damage. x2
You hit the adder.
The adder is lightly wounded.
* * * LOW HITPOINT WARNING * * *
You feel sick. The adder bites you but does no damage.
You miss the adder.
The adder is lightly wounded.
* * * LOW HITPOINT WARNING * * *
You feel sick. The adder bites you but does no damage.
You miss the adder.
The adder is lightly wounded.
* * * LOW HITPOINT WARNING * * *
You feel sick.
The adder bites you but does no damage. x2
You closely miss the adder. The adder barely misses you.
You hit the adder.
The adder is heavily wounded.
* * * LOW HITPOINT WARNING * * *
You feel sick. The adder bites you but does no damage. The adder bites you.
You die...

#......# #..#
#......# ##)##
#......# #÷.#
##.##### #.....#
#.....# #.....#
#..÷..# ######
##♣.###
......######S##
...[....r...r.#
..............#
...............#
......########.#
...... .# .....
.. ..... #.#


You could see an adder and a rat.

Vanquished Creatures
  An ooze (D:1)
  A dart slug (D:2)
  A leopard gecko (D:1)
  6 bats (D:1)
  3 giant cockroaches
  4 goblins (D:1)
  3 hobgoblins
  A ball python (D:1)
  2 frilled lizards (D:1)
  7 kobolds (D:1)
  5 rats
34 creatures vanquished.

Notes
Turn   | Place    | Note
-------+----------+-------------------------------------------
     0 | D:1      | ChargeQM the Demonspawn Wizard began the quest for the Orb.
     0 | D:1      | Reached XP level 1. HP: 13/13 MP: 4/4
   271 | D:1      | Gained mutation: Your movements are slightly less
                  | encumbered by armour. (ER -2) [demonic ancestry]
   271 | D:1      | Reached XP level 2. HP: 4/19 MP: 0/6
   740 | D:1      | Learned a level 2 spell: Call Imp
   743 | D:1      | Learned a level 2 spell: Blink
  1067 | D:1      | Reached XP level 3. HP: 24/24 MP: 8/8
  1630 | D:2      | HP: 1/36 [poisoned by an adder]
  1630 | D:2      | Slain by an adder

Illustrated notes

Levels and vault maps discovered:
D:1:      dpeg_arrival_central, layout_basic
D:2:      layout_basic

Skill      XL: |  1  2 |
---------------+-------+-----
Stealth        | 2 |  2.0
Dodging        | 2 |  2.2
Spellcasting   | |  3.7
Conjurations   | |  1.6
Summonings     | |  1.0
Translocations | |  0.8

Action                   || total
-------------------------++-------
Melee: Short sword       ||    97
 Cast: Magic Dart        ||    31
  Use: Potion            ||     1
 Stab: Sleeping          ||     4
  Eat: Chunk             ||     2
Armor: Robe              ||    27
       Skin              ||    11
Dodge: Dodged            ||    67
